 Dungeon Crawl Stone Soup version 0.13-a0-2712-g07f05f3 (console) character file.

312 Kellhus the Cudgeler (level 5, -4/39 HPs)
             Began as a Mummy Chaos Knight on Aug 16, 2013.
             Was a Plaything of Xom.
             Slain by a worker ant (5 damage)
             ... on Level 4 of the Dungeon.
             The game lasted 00:04:51 (3224 turns).

Kellhus the Cudgeler (Mummy Chaos Knight)           Turns: 3224, Time: 00:04:51

HP  -4/39        AC  7     Str 15 (16) XL: 5   Next: 17%
MP   5/5         EV 10     Int 11      God: Xom
Gold 152         SH  0     Dex 11      Spells:  0 memorised,  4 levels left

Res.Fire  : x . .   See Invis. : .   a - +0 mace (chaos)
Res.Cold  : + . .   Warding    : .   b - +2 leather armour
Life Prot.: + + +   Conserve   : .   (no shield)
Res.Poison: +       Res.Corr.  : .   j - +0 crested helmet (curse)
Res.Elec. : .       Clarity    : .   (no cloak)
Sust.Abil.: . .     Spirit.Shd : .   (no gloves)
Res.Mut.  : .       Stasis     : .   l - +0 pair of boots
Res.Rott. : +       Flight     : .   (no amulet)
Saprovore : . . .                    (no ring)
                                     (no ring)

@: slightly resistant to hostile enchantments, very unstealthy
A: no food or potions, fire vulnerability, restore body, cold resistance 1, life
protection 3, poison resistance, torment resistance, unbreathing
a: Renounce Religion


You were on level 4 of the Dungeon.
You worshipped Xom.
You were a special plaything of Xom.
You were not hungry.

You visited 1 branch of the dungeon, and saw 4 of its levels.

You collected 132 gold pieces.

Inventory:

Hand weapons
 a - a +0,+0 mace of chaos (weapon)
 n - a +0,-1 flail
Armour
 b - a +2 leather armour (worn)
 j - a cursed +0 crested helmet (worn)
 l - a +0 pair of boots (worn)
Scrolls
 c - a scroll of noise
 e - a scroll of curse armour
 g - a scroll of blinking
 h - 2 scrolls of teleportation
 k - a scroll of random uselessness


   Skills:
 - Level 3.0 Fighting
 + Level 4.9 Maces & Flails
 - Level 1.5 Armour
 - Level 0.7 Dodging


You had 4 spell levels left.
You didn't know any spells.

Dungeon Overview and Level Annotations

Branches:
Dungeon (4/27)
 Temple: D:4-7

Altars:

Portals:
Ziggurat: D:4 (9680 gp)

Annotations
D:3 Grinder


Innate Abilities, Weirdness & Mutations

You do not eat or drink.
Your flesh is vulnerable to fire.
Your flesh is cold resistant.
You are immune to negative energy.
Your system is resistant to poisons.
You are immune to unholy pain and torment.
You can survive without breathing.


Message History

The worker ant bites you.
You hit the worker ant but do no damage.
The worker ant is lightly wounded.
The worker ant misses you. The worker ant barely misses you.
You hit the worker ant.
The worker ant is moderately wounded.
The worker ant closely misses you. The worker ant bites you.
You hit the worker ant but do no damage.
The worker ant is moderately wounded.
The worker ant bites you.
The worker ant bites you but does no damage.
You hit the worker ant.
The worker ant flickers and vanishes!
Deactivating autopickup; reactivate with Ctrl-A.
It bites you. It completely misses you.
You miss it. It bites you!
* * * LOW HITPOINT WARNING * * *
It bites you.
* * * LOW HITPOINT WARNING * * *
It bites you.
You die...

..... ......... ..
#......... ...
#.......... ....##
##...........
......###............
...).................
..............{.{......
..............@{.......
#.........$...........
##...................
#................... ##
##...................
.###...................
......................
.....................
..................


There were no monsters in sight!

Vanquished Creatures
  A worker ant (D:4)
  Terence (D:3)
  4 adders
  3 worms
  2 giant geckos
  An ooze (D:3)
  5 orcs (D:3)
  A ball python (D:3)
  A giant cockroach (D:2)
  6 hobgoblins
  3 jackals (D:4)
  5 kobolds
  11 bats
  3 giant newts
  5 goblins
  A quokka (D:2)
  19 rats
72 creatures vanquished.

Vanquished Creatures (others)
  An orc zombie (D:3)
1 creature vanquished.

Grand Total: 73 creatures vanquished

Notes
Turn   | Place    | Note
--------------------------------------------------------------
     0 | D:1      | Kellhus, the Mummy Chaos Knight, began the quest for the Orb.
     0 | D:1      | Reached XP level 1. HP: 16/16 MP: 1/1
   254 | D:1      | XOM: divination: detect items
   366 | D:1      | XOM: silly message
   512 | D:1      | Reached XP level 2. HP: 19/22 MP: 2/2
   979 | D:2      | Reached XP level 3. HP: 28/28 MP: 3/3
  1531 | D:3      | XOM: potion effect (might)
  1582 | D:3      | Reached skill level 4 in Maces & Flails
  1763 | D:3      | Noticed Grinder
  1764 | D:3      | Paralysed by it for 2 turns
  1768 | D:3      | XOM: divination: detect items
  1779 | D:3      | Paralysed by it for 5 turns
  1953 | D:2      | XOM: stat loss: -1 Str (15/16)
  2100 | D:3      | Reached XP level 4. HP: 29/34 MP: 4/4
  2209 | D:3      | XOM: harmless Tloc miscast
  2370 | D:3      | Noticed Terence
  2370 | D:3      | XOM: noise
  2378 | D:3      | Killed Terence
  2792 | D:3      | XOM: vitrification
  2893 | D:4      | XOM: silly message
  2895 | D:4      | Reached XP level 5. HP: 27/39 MP: 5/5
  3095 | D:4      | XOM: summons 2 hostile demons
  3164 | D:4      | Found a gateway to a ziggurat.
  3224 | D:4      | HP: 1/39 [something (5)]
  3224 | D:4      | Slain by a worker ant

Action                   |  1- 3 |  4- 6 || total
-------------------------+-------+-------++-------
Melee: Mace              |   127 |   121 ||   248
  Use: Scroll            |       |     9 ||     9
 Stab: Paralysed         |     3 |       ||     3
